 Dungeon Crawl Stone Soup version 0.31-a0-180-g519b7de00c (webtiles) character file.

Game seed: 9592384207894775645

37209 qw the Marksnaga (level 13, -9/127 HPs)
             Began as a Naga Hunter on June 20, 2023.
             Mangled by a komodo dragon (27 damage)
             ... on level 4 of the Lair of Beasts.
             The game lasted 00:06:42 (13484 turns).

qw the Marksnaga (Naga Hunter)                     Turns: 13484, Time: 00:06:43

Health: -9/127     AC: 13    Str: 13    XL:     13   Next: 95%
Magic:  13/13      EV: 21    Int: 14    God:
Gold:   1236       SH:  0    Dex: 26    Spells: 12/12 levels left

rFire   . . .        a - +6 longbow "Seli Wiu" {speed, rElec Int+4}
rCold   . . .        (shield currently unavailable)
rNeg    . . .        c - +0 leather armour
rPois   +            d - +2 helmet {SInv}
rElec   +            k - +0 cloak
rCorr   .            i - +2 pair of gloves
SInv    +            (no barding)
Will    +....        (no amulet)
Stlth   ++           f - +6 ring of dexterity
HPRegen 0.41/turn    e - +5 ring of evasion
MPRegen 0.13/turn

%: no passive effects
@: about to teleport, very slow
A: AC +4, large, see invisible, deformed body, poison resistance, slowness 2,
spit poison 1, naga tail 2
a: Spit Poison


You were on level 4 of the Lair of Beasts.
You visited 3 branches of the dungeon, and saw 17 of its levels.

You collected 1356 gold pieces.
You spent 120 gold pieces at shops.


Innate Abilities, Weirdness & Mutations

Your serpentine skin is tough. (AC +4)
You have supernaturally acute eyesight. (SInv)
Armour fits poorly on your strangely shaped body.
Your system is resistant to poisons. (rPois)
You cover ground very slowly.
You can spit poison.
You can use your snake-like lower body to constrict enemies.


   Skills:
 - Level 11.0 Fighting
 + Level 17.2 Ranged Weapons
 - Level 3.0 Armour
 - Level 8.0 Dodging
 - Level 1.5 Stealth


You had 12 spell levels left.
You didn't know any spells.
Your spell library was empty.

Inventory:

Hand Weapons
 a - the +6 longbow "Seli Wiu" (weapon) {speed, rElec Int+4}
   (You acquired it on level 1 of the Dungeon)

   Int:       It affects your intelligence (+4).
   rElec:     It insulates you from electricity.
Armour
 c - a +0 leather armour (worn)
 d - a +2 helmet of see invisible (worn)
 i - a +2 pair of gloves (worn)
 k - a +0 cloak (worn)
Jewellery
 e - a +5 ring of evasion (right hand)
 f - a +6 ring of dexterity (left hand)
Wands
 g - a wand of digging (9)
Scrolls
 b - 2 scrolls of identify
 j - 3 scrolls of teleportation
 o - 2 scrolls of enchant weapon
Potions
 h - 4 potions of might
 l - a potion of heal wounds
 m - a potion of haste
 p - 7 potions of mutation

Dungeon Overview and Level Annotations

Branches:
Dungeon (11/15)            Temple (1/1) D:6            Lair (5/5) D:11
 Shoals (0/4) Lair:3       Spider (0/4) Lair:3          Orc (0/2) D:10
  Slime: Lair:4-5

Altars:
Ashenzari
Cheibriados
Dithmenos
Elyvilon
Fedhas
Gozag
Hepliaklqana
Kikubaaqudgha
Makhleb
Nemelex Xobeh
Okawaru
Qazlal
Ru
Sif Muna
Trog
Uskayaw
Vehumet
Wu Jian
Xom
Yredelemnul
Zin
The Shining One

Shops:
D:4 *   D:11 (

Annotations:
D:9 3 runed translucent doors, qw's ghost, novice GrFi
Lair:4 exclusion: oklob plant


Message History

The death yak gores you! The yak gores you but does no damage.
The komodo dragon completely misses you.
You climb upwards.
Level annotation: exclusion: oklob plant
There is a stone staircase leading down here.
You shoot an arrow. The arrow hits the death yak!!
The death yak is heavily wounded.
The yak misses you. The death yak misses you.
The death yak completely misses you.
You shoot an arrow. The arrow hits the death yak!
The death yak is heavily wounded.
The komodo dragon misses you.
You shoot an arrow. The arrow hits the death yak!!
The death yak is severely wounded.
The death yak barely misses you. The yak misses you. The death yak gores you!
The komodo dragon bites you but does no damage.
You shoot an arrow.
The arrow hits the death yak but does no damage.
The death yak is severely wounded.
You shoot an arrow. The arrow hits the death yak.
The death yak is almost dead.
The death yak gores you! The yak barely misses you. The death yak gores you!!
The komodo dragon closely misses you.
You shoot an arrow. The arrow hits the death yak.
The death yak is almost dead.
The yak misses you. The death yak gores you!
The death yak completely misses you.
You shoot an arrow. The arrow hits the death yak!
You kill the death yak!
The komodo dragon completely misses you.
You shoot an arrow. The arrow hits the komodo dragon.
The komodo dragon is lightly wounded.
The death yak gores you but does no damage.
The yak gores you. The komodo dragon bites you!!
13484 ||| READING 4 scrolls of teleportation.
As you read the scroll of teleportation, it crumbles to dust.
You feel strangely unstable. The death yak misses you.
The yak gores you but does no damage. The komodo dragon bites you!!
You die...

..#P######....#...###..........#.
....##..##.....#..#..##.....>.###
.......P##....##<....#P......#...
..##...###....##.....#...<...##..
..###### #....#........P.........
...#######.......#.###P..........
..#.P#.........#.#.###.....?..###
...............Y.%............###
...............Y@................
.................l...............
.................................
.................................
................#...##...........
................##..#............
.#.#....P.#.................#####
.###..#..###.....#..##.......# #
.##.......#.................#####


You could see a death yak, a komodo dragon and a yak.

Vanquished Creatures
  Josephine (D:11)
  A hydra (Lair:3)
  3 two-headed ogres
  2 death yaks
  Amaemon (Lair:2)
  5 oklob plants
  2 torpor snails (Lair:1)
  An unseen horror (D:11)
  2 black mambas (Lair:2)
  8 cane toads
  A gargoyle (D:11)
  An orange demon (Lair:2)
  2 rime drakes (Lair:2)
  7 komodo dragons
  4 polar bears (Lair:4)
  A troll (D:10)
  A blink frog (Lair:4)
  2 hornets
  8 dream sheep
  3 jumping spiders (Lair:3)
  3 culicivoras (Lair:3)
  A shadow (D:11)
  10 wyverns
  6 wraiths
  63 yaks
  4 basilisks
  4 vampire mosquitoes (D:11)
  A redback (Lair:3)
  An acid dragon (D:10)
  2 sky beasts (D:7)
  12 water moccasins
  5 orc warriors
  3 ice beasts
  2 black bears
  4 centaurs
  3 wolves (Lair:2)
  3 ogres
  2 phantoms
  3 kobold brigands
  14 bullfrogs
  2 scorpions
  A gnoll sergeant (D:10)
  7 wights
  13 killer bees
  8 electric eels
  5 orc priests
  A jelly (D:5)
  2 gnoll boudas
  5 hounds
  8 iguanas
  4 sleepcaps
  14 orc wizards
  A mummy (D:10)
  26 gnolls
  8 adders
  A shadow imp (D:8)
  A white imp (D:6)
  2 dart slugs
  42 orcs
  4 bats
  8 endoplasms
  2 giant cockroaches
  5 goblins
  8 hobgoblins
  24 kobolds
  5 quokkas
  3 training dummies (D:11)
  7 ball pythons
  4 frilled lizards
  9 rats
  A spectral orc (D:6)
433 creatures vanquished.

Notes
Turn   | Place    | Note
-------+----------+-------------------------------------------
     0 | D:1      | qw the Naga Hunter began the quest for the Orb.
     0 | D:1      | Reached XP level 1. HP: 19/19 MP: 1/1
     0 | D:1      | 0 ||| qw: Version: 0.3-a-9-g12657ce
     0 | D:1      | 0 ||| qw: Game counter: 1136
     0 | D:1      | 0 ||| qw: Always use a shield: true
     0 | D:1      | 0 ||| qw: God list: Okawaru
     0 | D:1      | 0 ||| qw: Allow faded altars: false
     0 | D:1      | 0 ||| qw: Do Orc after D:15 true
     0 | D:1      | 0 ||| qw: Do second Lair branch before Depths: true
     0 | D:1      | 0 ||| qw: Lair rune preference: random
     0 | D:1      | 0 ||| qw: Plans: Normal
     0 | D:1      | 0 ||| PLANNING D:1-11
    12 | D:1      | 12 ||| INVOKING Spit Poison.
    19 | D:1      | 19 ||| INVOKING Spit Poison.
    28 | D:1      | 28 ||| INVOKING Spit Poison.
    34 | D:1      | 34 ||| INVOKING Spit Poison.
    35 | D:1      | Reached skill level 4 in Ranged Weapons
    35 | D:1      | Reached XP level 2. HP: 25/26 MP: 2/2
    78 | D:1      | 78 ||| INVOKING Spit Poison.
   111 | D:1      | 111 ||| INVOKING Spit Poison.
   186 | D:1      | 186 ||| INVOKING Spit Poison.
   193 | D:1      | 193 ||| INVOKING Spit Poison.
   228 | D:1      | 228 ||| INVOKING Spit Poison.
   288 | D:1      | 288 ||| INVOKING Spit Poison.
   486 | D:1      | 486 ||| INVOKING Spit Poison.
   534 | D:1      | 534 ||| INVOKING Spit Poison.
   539 | D:1      | 539 ||| INVOKING Spit Poison.
   677 | D:1      | 677 ||| INVOKING Spit Poison.
   678 | D:1      | Reached XP level 3. HP: 32/32 MP: 3/3
   682 | D:1      | 682 ||| INVOKING Spit Poison.
   696 | D:1      | 696 ||| INVOKING Spit Poison.
   741 | D:1      | 741 ||| INVOKING Spit Poison.
   793 | D:1      | 793 ||| INVOKING Spit Poison.
   914 | D:1      | 914 ||| INVOKING Spit Poison.
   941 | D:1      | 941 ||| UPGRADING to +4 ring of protection.
   942 | D:1      | 942 ||| UPGRADING to ring of resist corrosion.
   943 | D:1      | 943 ||| DROPPING ring of flight.
   944 | D:1      | 944 ||| READING scroll labelled WADGHO WINILYFF.
   945 | D:1      | 945 ||| READING scroll labelled FIKKIAM DAUMEWN.
   946 | D:1      | 946 ||| READING scroll labelled DUHOIZ JUATE.
   946 | D:1      | Identified a scroll of acquirement
   946 | D:1      | 946 ||| ACQUIRING +6 longbow "Seli Wiu" {speed, rElec
                  | Int+4}
   946 | D:1      | Acquired the +6 longbow "Seli Wiu" {speed, rElec Int+4}
   948 | D:1      | 948 ||| SWAPPING to +6 longbow "Seli Wiu" {speed, rElec
                  | Int+4}.
   949 | D:1      | 949 ||| DROPPING +0 shortbow.
   950 | D:1      | 950 ||| DROPPING scroll of butterflies.
  1005 | D:2      | 1005 ||| INVOKING Spit Poison.
  1006 | D:2      | 1006 ||| INVOKING Spit Poison.
  1038 | D:2      | 1038 ||| INVOKING Spit Poison.
  1120 | D:2      | 1120 ||| INVOKING Spit Poison.
  1154 | D:2      | 1154 ||| INVOKING Spit Poison.
  1309 | D:2      | 1309 ||| INVOKING Spit Poison.
  1347 | D:2      | 1347 ||| INVOKING Spit Poison.
  1348 | D:2      | Reached skill level 5 in Ranged Weapons
  1348 | D:2      | Reached XP level 4. HP: 39/39 MP: 4/4
  1627 | D:2      | 1627 ||| UPGRADING to +5 ring of evasion.
  1629 | D:2      | 1629 ||| UPGRADING to +4 ring of protection.
  1631 | D:2      | 1631 ||| DROPPING ring of resist corrosion.
  1723 | D:3      | 1723 ||| INVOKING Spit Poison.
  1750 | D:3      | 1750 ||| INVOKING Spit Poison.
  1755 | D:3      | Identified the +0 robe "Xodejexo" {Int+3}
  1758 | D:3      | 1758 ||| INVOKING Spit Poison.
  1759 | D:3      | 1759 ||| INVOKING Spit Poison.
  1839 | D:3      | 1839 ||| INVOKING Spit Poison.
  1979 | D:3      | Reached skill level 3 in Fighting
  2046 | D:3      | 2046 ||| INVOKING Spit Poison.
  2049 | D:3      | Reached XP level 5. HP: 49/49 MP: 5/5
  2056 | D:3      | 2056 ||| INVOKING Spit Poison.
  2250 | D:3      | 2250 ||| READING 2 scrolls labelled SAMEOMINETI.
  2255 | D:3      | 2255 ||| DRINKING 3 bubbling cyan potions.
  2272 | D:4      | 2272 ||| INVOKING Spit Poison.
  2286 | D:4      | 2286 ||| INVOKING Spit Poison.
  2298 | D:4      | Found a glowing golden altar of the Shining One.
  2431 | D:4      | Found Vaned's General Store.
  2433 | D:4      | 2433 ||| INVOKING Spit Poison.
  2435 | D:4      | Reached skill level 6 in Ranged Weapons
  2440 | D:4      | 2440 ||| INVOKING Spit Poison.
  2441 | D:4      | 2441 ||| INVOKING Spit Poison.
  2443 | D:4      | Reached XP level 6. HP: 56/56 MP: 6/6
  2449 | D:4      | 2449 ||| SHOPLISTING +5 ring mail of Sin {Int+2} (482 gold,
                  | have 192).
  2449 | D:4      | 2449 ||| BUYING potion of curing (36 gold).
  2449 | D:4      | Bought a potion of curing for 36 gold pieces
  2449 | D:4      | 2449 ||| BUYING potion of curing (36 gold).
  2449 | D:4      | Bought a potion of curing for 36 gold pieces
  2449 | D:4      | 2449 ||| BUYING potion of might (48 gold).
  2449 | D:4      | Bought a potion of might for 48 gold pieces
  2487 | D:4      | 2487 ||| INVOKING Spit Poison.
  2490 | D:4      | 2490 ||| INVOKING Spit Poison.
  2570 | D:4      | 2570 ||| INVOKING Spit Poison.
  2577 | D:4      | 2577 ||| INVOKING Spit Poison.
  2584 | D:4      | 2584 ||| INVOKING Spit Poison.
  2734 | D:4      | 2734 ||| UPGRADING to +0 helmet.
  2739 | D:4      | 2739 ||| DROPPING ring of protection from cold.
  2740 | D:4      | 2740 ||| READING scroll labelled SESIWY HIERECO.
  2741 | D:4      | 2741 ||| READING scroll labelled SAKONO YL ANK.
  2742 | D:4      | 2742 ||| READING scroll labelled JONUTA BAMA.
  2743 | D:4      | 2743 ||| READING scroll labelled SOSUELLIERU.
  2751 | D:5      | Entered Level 5 of the Dungeon
  2762 | D:5      | Reached XP level 7. HP: 64/64 MP: 7/7
  2763 | D:5      | Found an ornate altar of the Wu Jian Council.
  2766 | D:5      | 2766 ||| INVOKING Spit Poison.
  2778 | D:5      | 2778 ||| INVOKING Spit Poison.
  2801 | D:5      | Reached skill level 7 in Ranged Weapons
  2817 | D:5      | 2817 ||| INVOKING Spit Poison.
  2830 | D:5      | 2830 ||| INVOKING Spit Poison.
  2835 | D:5      | Found a blossoming altar of Fedhas.
  2837 | D:5      | 2837 ||| INVOKING Spit Poison.
  2896 | D:5      | 2896 ||| INVOKING Spit Poison.
  2917 | D:5      | 2917 ||| INVOKING Spit Poison.
  2921 | D:5      | 2921 ||| INVOKING Spit Poison.
  2926 | D:5      | Reached skill level 8 in Ranged Weapons
  2926 | D:5      | 2926 ||| INVOKING Spit Poison.
  2930 | D:5      | Reached XP level 8. HP: 62/72 MP: 8/8
  3011 | D:5      | 3011 ||| INVOKING Spit Poison.
  3210 | D:5      | 3210 ||| INVOKING Spit Poison.
  3248 | D:5      | 3248 ||| UPGRADING to +0 cloak.
  3253 | D:5      | 3253 ||| READING scroll labelled NAINKAOCV TUYPT.
  3254 | D:5      | 3254 ||| DRINKING 2 metallic blue potions.
  3282 | D:5      | 3282 ||| DRINKING 3 smoky white potions.
  3283 | D:5      | 3283 ||| READING 2 scrolls of identify.
  3283 | D:5      | 3283 ||| IDENTIFYING yellow potion
  3284 | D:5      | 3284 ||| DROPPING potion of lignification.
  3285 | D:5      | 3285 ||| DROPPING potion of invisibility.
  3361 | D:6      | 3361 ||| INVOKING Spit Poison.
  3367 | D:6      | 3367 ||| INVOKING Spit Poison.
  3369 | D:6      | Reached skill level 1 in Armour
  3400 | D:6      | Found a burning altar of Makhleb.
  3417 | D:6      | 3417 ||| INVOKING Spit Poison.
  3604 | D:6      | 3604 ||| INVOKING Spit Poison.
  3735 | D:6      | Found a basalt altar of Yredelemnul.
  3776 | D:6      | 3776 ||| INVOKING Spit Poison.
  3779 | D:6      | Reached skill level 9 in Ranged Weapons
  3805 | D:6      | Found a staircase to the Ecumenical Temple.
  3806 | D:6      | 3806 ||| PLANNING TEMPLE
  3806 | D:6      | 3806 ||| READING 2 scrolls of identify.
  3806 | D:6      | 3806 ||| IDENTIFYING fizzy silvery potion
  3815 | Temple   | Entered the Ecumenical Temple
  3828 | Temple   | 3828 ||| PLANNING D:1-11
  4124 | D:7      | 4124 ||| INVOKING Spit Poison.
  4126 | D:7      | 4126 ||| STAIRDANCE
  4191 | D:7      | 4191 ||| STAIRDANCE
  4225 | D:7      | 4225 ||| INVOKING Spit Poison.
  4228 | D:7      | Reached skill level 3 in Dodging
  4228 | D:7      | Reached XP level 9. HP: 81/81 MP: 9/9
  4270 | D:7      | 4270 ||| INVOKING Spit Poison.
  4275 | D:7      | 4275 ||| INVOKING Spit Poison.
  4309 | D:7      | Reached skill level 6 in Fighting
  4394 | D:7      | Found a stormy altar of Qazlal.
  4396 | D:7      | 4396 ||| READING scroll labelled WIOL DUUCLUGG.
  4397 | D:7      | 4397 ||| READING scroll labelled GEASAI NOFID.
  4399 | D:7      | 4399 ||| INVOKING Spit Poison.
  4444 | D:7      | Found a shimmering altar of Xom.
  4476 | D:7      | 4476 ||| INVOKING Spit Poison.
  4481 | D:7      | 4481 ||| INVOKING Spit Poison.
  4488 | D:7      | 4488 ||| INVOKING Spit Poison.
  4493 | D:7      | 4493 ||| INVOKING Spit Poison.
  4500 | D:7      | 4500 ||| INVOKING Spit Poison.
  4725 | D:7      | 4725 ||| INVOKING Spit Poison.
  4728 | D:7      | Reached skill level 10 in Ranged Weapons
  4989 | D:8      | 4989 ||| Stepping ~*~*~tactically~*~*~ (outnumbered).
  4991 | D:8      | 4991 ||| Stepping ~*~*~tactically~*~*~ (outnumbered).
  4993 | D:8      | 4993 ||| Stepping ~*~*~tactically~*~*~ (outnumbered).
  4994 | D:8      | 4994 ||| INVOKING Spit Poison.
  4999 | D:8      | 4999 ||| INVOKING Spit Poison.
  5006 | D:8      | 5006 ||| INVOKING Spit Poison.
  5011 | D:8      | 5011 ||| INVOKING Spit Poison.
  5074 | D:8      | 5074 ||| UPGRADING to +1 helmet of see invisible.
  5084 | D:8      | 5084 ||| DROPPING +0 helmet.
  5119 | D:8      | 5119 ||| INVOKING Spit Poison.
  5121 | D:8      | 5121 ||| Stepping ~*~*~tactically~*~*~ (outnumbered).
  5125 | D:8      | 5125 ||| INVOKING Spit Poison.
  5166 | D:8      | 5166 ||| Stepping ~*~*~tactically~*~*~ (outnumbered).
  5167 | D:8      | 5167 ||| INVOKING Spit Poison.
  5170 | D:8      | 5170 ||| INVOKING Spit Poison.
  5174 | D:8      | 5174 ||| Stepping ~*~*~tactically~*~*~ (outnumbered).
  5175 | D:8      | 5175 ||| INVOKING Spit Poison.
  5184 | D:8      | 5184 ||| Stepping ~*~*~tactically~*~*~ (outnumbered).
  5185 | D:8      | 5185 ||| INVOKING Spit Poison.
  5190 | D:8      | Reached XP level 10. HP: 83/94 MP: 10/10
  5191 | D:8      | 5191 ||| INVOKING Spit Poison.
  5198 | D:8      | 5198 ||| INVOKING Spit Poison.
  5203 | D:8      | Reached skill level 11 in Ranged Weapons
  5204 | D:8      | 5204 ||| INVOKING Spit Poison.
  5370 | D:8      | 5370 ||| INVOKING Spit Poison.
  5379 | D:8      | 5379 ||| INVOKING Spit Poison.
  5428 | D:8      | Found a shimmering blue altar of Sif Muna.
  5429 | D:8      | 5429 ||| INVOKING Spit Poison.
  5437 | D:8      | Found an ancient bone altar of Kikubaaqudgha.
  5438 | D:8      | 5438 ||| INVOKING Spit Poison.
  5443 | D:8      | 5443 ||| INVOKING Spit Poison.
  5449 | D:8      | Found a radiant altar of Vehumet.
  5450 | D:8      | 5450 ||| INVOKING Spit Poison.
  5489 | D:8      | 5489 ||| INVOKING Spit Poison.
  5493 | D:8      | 5493 ||| INVOKING Spit Poison.
  5524 | D:8      | Found an iron altar of Okawaru.
  5675 | D:8      | Found a hide-covered altar of Uskayaw.
  5680 | D:8      | 5680 ||| READING scroll labelled XUDOUJIOXKO.
  5721 | D:9      | 5721 ||| Stepping ~*~*~tactically~*~*~ (outnumbered).
  5722 | D:9      | 5722 ||| INVOKING Spit Poison.
  5723 | D:9      | 5723 ||| Stepping ~*~*~tactically~*~*~ (outnumbered).
  5728 | D:9      | 5728 ||| INVOKING Spit Poison.
  5731 | D:9      | 5731 ||| Stepping ~*~*~tactically~*~*~ (outnumbered).
  5732 | D:9      | 5732 ||| STAIRDANCE
  5734 | D:8      | 5734 ||| INVOKING Spit Poison.
  5740 | D:8      | 5740 ||| INVOKING Spit Poison.
  5780 | D:9      | 5780 ||| INVOKING Spit Poison.
  5785 | D:9      | 5785 ||| INVOKING Spit Poison.
  5800 | D:9      | Found an opulent altar of Gozag.
  5804 | D:9      | Identified the +0 kite shield of Lojy {Rampage rElec rCorr
                  | Dex-3}
  5817 | D:9      | 5817 ||| INVOKING Spit Poison.
  5824 | D:9      | 5824 ||| INVOKING Spit Poison.
  5829 | D:9      | 5829 ||| INVOKING Spit Poison.
  5834 | D:9      | 5834 ||| INVOKING Spit Poison.
  5838 | D:9      | 5838 ||| INVOKING Spit Poison.
  5847 | D:9      | 5847 ||| INVOKING Spit Poison.
  5851 | D:9      | HP: 24/96 [orc/+0 flail of venom (6)]
  5852 | D:9      | 5852 ||| READING 4 scrolls of teleportation.
  5853 | D:9      | 5853 ||| DRINKING 2 potions of heal wounds.
  5854 | D:9      | 5854 ||| INVOKING Spit Poison.
  5855 | D:9      | 5855 ||| DRINKING potion of heal wounds.
  6074 | D:9      | 6074 ||| INVOKING Spit Poison.
  6078 | D:9      | 6078 ||| INVOKING Spit Poison.
  6082 | D:9      | 6082 ||| DRINKING 2 potions of curing.
  6082 | D:9      | 6082 ||| (to cure confusion)
  6083 | D:9      | 6083 ||| INVOKING Spit Poison.
  6195 | D:9      | Found a runed translucent gate.
  6196 | D:9      | Found a runed translucent gate.
  6197 | D:9      | Found a runed translucent gate.
  6199 | D:9      | Noticed qw's ghost (novice GrFi)
  6215 | D:9      | 6215 ||| INVOKING Spit Poison.
  6221 | D:9      | 6221 ||| INVOKING Spit Poison.
  6223 | D:9      | Reached skill level 12 in Ranged Weapons
  6241 | D:9      | 6241 ||| INVOKING Spit Poison.
  6248 | D:9      | 6248 ||| INVOKING Spit Poison.
  6267 | D:9      | 6267 ||| INVOKING Spit Poison.
  6374 | D:9      | 6374 ||| INVOKING Spit Poison.
  6385 | D:9      | 6385 ||| INVOKING Spit Poison.
  6389 | D:9      | 6389 ||| INVOKING Spit Poison.
  6397 | D:9      | 6397 ||| INVOKING Spit Poison.
  6405 | D:9      | Reached XP level 11. HP: 99/103 MP: 11/11
  6406 | D:9      | 6406 ||| INVOKING Spit Poison.
  6562 | D:9      | 6562 ||| INVOKING Spit Poison.
  6564 | D:9      | Reached skill level 13 in Ranged Weapons
  6570 | D:9      | 6570 ||| INVOKING Spit Poison.
  6576 | D:9      | 6576 ||| INVOKING Spit Poison.
  6634 | D:9      | Found a sacrificial altar of Ru.
  6634 | D:9      | Found a broken altar of Ashenzari.
  7086 | D:9      | 7086 ||| DRINKING 3 amethyst potions.
  7087 | D:9      | 7087 ||| DROPPING 2 potions of degeneration.
  7109 | D:10     | Entered Level 10 of the Dungeon
  7300 | D:10     | 7300 ||| DRINKING potion of curing.
  7300 | D:10     | 7300 ||| (to cure confusion)
  7301 | D:10     | 7301 ||| INVOKING Spit Poison.
  7309 | D:10     | 7309 ||| INVOKING Spit Poison.
  7338 | D:10     | 7338 ||| INVOKING Spit Poison.
  7344 | D:10     | 7344 ||| INVOKING Spit Poison.
  7350 | D:10     | Reached skill level 9 in Fighting
  7351 | D:10     | 7351 ||| INVOKING Spit Poison.
  7352 | D:10     | Noticed a two-headed ogre
  7356 | D:10     | 7356 ||| INVOKING Spit Poison.
  7361 | D:10     | Killed a two-headed ogre
  7362 | D:10     | 7362 ||| Stepping ~*~*~tactically~*~*~ (outnumbered).
  7365 | D:10     | 7365 ||| INVOKING Spit Poison.
  7369 | D:10     | 7369 ||| Stepping ~*~*~tactically~*~*~ (outnumbered).
  7370 | D:10     | 7370 ||| INVOKING Spit Poison.
  7376 | D:10     | 7376 ||| INVOKING Spit Poison.
  7380 | D:10     | 7380 ||| INVOKING Spit Poison.
  7420 | D:10     | Noticed a two-headed ogre
  7421 | D:10     | 7421 ||| INVOKING Spit Poison.
  7425 | D:10     | 7425 ||| INVOKING Spit Poison.
  7427 | D:10     | Killed a two-headed ogre
  7542 | D:10     | 7542 ||| INVOKING Spit Poison.
  7549 | D:10     | 7549 ||| INVOKING Spit Poison.
  7684 | D:10     | 7684 ||| Stepping ~*~*~tactically~*~*~ (outnumbered).
  7838 | D:10     | Found a snail-covered altar of Cheibriados.
  7887 | D:10     | 7887 ||| INVOKING Spit Poison.
  8109 | D:10     | 8109 ||| INVOKING Spit Poison.
  8114 | D:10     | 8114 ||| INVOKING Spit Poison.
  8124 | D:10     | 8124 ||| INVOKING Spit Poison.
  8128 | D:10     | 8128 ||| INVOKING Spit Poison.
  8141 | D:10     | Found a staircase to the Orcish Mines.
  8221 | D:10     | 8221 ||| UPGRADING to +2 pair of gloves.
  8226 | D:10     | 8226 ||| UPGRADING to +6 ring of dexterity.
  8228 | D:10     | 8228 ||| UPGRADING to +5 ring of evasion.
  8230 | D:10     | 8230 ||| DROPPING +4 ring of protection.
  8231 | D:10     | 8231 ||| READING scroll labelled QOVELI TUDGHOIROLES.
  8232 | D:10     | 8232 ||| READING scroll labelled WOTZIB ROMPI.
  8287 | D:11     | Found a staircase to the Lair.
  8287 | D:11     | Noticed an oklob plant
  8288 | D:11     | Noticed an oklob plant
  8301 | D:11     | Killed an oklob plant
  8315 | D:11     | Killed an oklob plant
  8382 | D:11     | 8382 ||| INVOKING Spit Poison.
  8494 | D:11     | Noticed Josephine
  8501 | D:11     | 8501 ||| INVOKING Spit Poison.
  8508 | D:11     | Killed Josephine
  8509 | D:11     | Reached skill level 6 in Dodging
  8531 | D:11     | 8531 ||| INVOKING Spit Poison.
  8534 | D:11     | Reached skill level 14 in Ranged Weapons
  8631 | D:11     | Reached XP level 12. HP: 114/114 MP: 12/12
  8971 | D:11     | Noticed a two-headed ogre
  8977 | D:11     | Killed a two-headed ogre
  9075 | D:11     | Found Saewk's Firing Range.
  9190 | D:11     | 9190 ||| PLANNING LAIR
  9190 | D:11     | 9190 ||| DRINKING 2 green potions.
  9194 | D:11     | 9194 ||| READING 4 scrolls of identify.
  9194 | D:11     | 9194 ||| IDENTIFYING inky potion
  9195 | D:11     | 9195 ||| DROPPING potion of magic.
  9196 | D:11     | 9196 ||| DROPPING potion of ambrosia.
  9246 | Lair:1   | Entered Level 1 of the Lair of Beasts
  9438 | Lair:1   | 9438 ||| READING scroll of enchant armour.
  9438 | Lair:1   | 9438 ||| ENCHANTING +1 helmet of see invisible.
  9865 | Lair:1   | Reached skill level 15 in Ranged Weapons
  9879 | Lair:1   | Reached skill level 3 in Armour
 10065 | Lair:1   | 10065 ||| DROPPING +6 ring of strength.
 10066 | Lair:1   | 10066 ||| READING 4 scrolls of identify.
 10066 | Lair:1   | 10066 ||| IDENTIFYING purple potion
 10067 | Lair:1   | 10067 ||| DROPPING potion of brilliance.
 10197 | Lair:2   | 10197 ||| Stepping ~*~*~tactically~*~*~ (outnumbered).
 10330 | Lair:2   | Gained mutation: You can use your snake-like lower body to
                  | constrict enemies. [Naga growth]
 10330 | Lair:2   | Reached XP level 13. HP: 123/123 MP: 13/13
 10433 | Lair:2   | Noticed Amaemon
 10442 | Lair:2   | Killed Amaemon
 10449 | Lair:2   | Reached skill level 16 in Ranged Weapons
 10793 | Lair:2   | 10793 ||| READING 3 scrolls of identify.
 10793 | Lair:2   | 10793 ||| IDENTIFYING ruby potion
 10794 | Lair:2   | 10794 ||| READING 2 scrolls of identify.
 10794 | Lair:2   | 10794 ||| IDENTIFYING silvery potion
 10795 | Lair:2   | 10795 ||| DROPPING potion of attraction.
 11149 | Lair:3   | Found a staircase to the Shoals.
 11461 | Lair:3   | Found a hole to the Spider Nest.
 11464 | Lair:3   | 11464 ||| Stepping ~*~*~tactically~*~*~ (outnumbered).
 12608 | Lair:4   | 12608 ||| READING 5 scrolls of teleportation.
 13057 | Lair:4   | Reached skill level 17 in Ranged Weapons
 13454 | Lair:5   | Entered Level 5 of the Lair of Beasts
 13474 | Lair:5   | 13474 ||| STAIRDANCE
 13483 | Lair:4   | HP: 18/127 [komodo dragon (22)]
 13484 | Lair:4   | 13484 ||| READING 4 scrolls of teleportation.
 13484 | Lair:4   | Mangled by a komodo dragon

Levels and vault maps discovered:
D:1:      minmay_arrival_semitransparent, layout_loops_corners
D:2:      layout_basic, minmay_cut_off
D:3:      minmay_general_purpose_star, layout_basic, wad_floor_pattern_untrapped
D:4:      layout_rooms, nicolae_tso_carved_into_rock, serial_shops, shop
D:5:      layout_cave_pools, lemuel_crystal_altar,
          mainiacjoe_overflow_boulevard, grunt_decor_fettered
D:6:      layout_basic, bloody_makhleb, yredelemnul_forgotten_temple_becter,
          lemuel_temple_firewalk_b
D:7:      layout_loops_ring, nicolae_qazlal_style_of_elements,
          nicolae_overflow_hidden_temple
D:8:      layout_cave_pools, palyth_temple_overflow_mages,
          amcnicky_altar_gilded, nicolae_uskayaw_dance_hall
D:9:      layout_basic, lemuel_crystal_altar, nicolae_overflow_two_pavilions,
          gammafunk_ghost_spectres
D:10:     minmay_recursive_quarters, layout_basic, chei_slow_surprise,
          hiddenorc1_lemuel
D:11:     layout_loops_ring, dpeg_oklobed_lair, corexii_hall_statues_u,
          nicolae_shop_firing_range, uniq_josephine
Temple:   hellmonk_temple_two_chambers
Lair:1:   layout_roguey, st_stairs_5, minivault_24, serial_bayou_lagoon_a,
          grunt_megastairs_1
Lair:2:   layout_roguey, minivault_25, serial_bayou_shore_b,
          infiniplex_staircase_pool_2, grunt_megastairs_4, uniq_amaemon
Lair:3:   layout_cellular_growth, shoals_dummy_entry,
          nicolae_spider_entry_tight_spaces, pdpol_lair_neglected_garden,
          disabler_island, serial_bayou_shore_a
Lair:4:   minmay_lair_oklob_tunnel, layout_regular_city, beast_lair_carwin_1
Lair:5:   grunt_lair_end_beastmaster, layout_cellular_growth, slime_entry_1,
          grunt_megastairs_5, serial_bayou_shore_b, infiniplex_staircase_pool,
          lemuel_fruit_tree

Skill      XL: |  1  2  3  4  5  6  7  8  9 10 11 12 13 |
---------------+----------------------------------------+-----
Ranged Weapons | 4 5 6 8 9 10 12 14 15 17 | 17.2
Fighting       | 3 4 5 7 8 9 10 11 | 11.0
Dodging        | 2 3 4 6 7 8 |  8.0
Armour         | 1 2 3 |  3.0
Stealth        | |  1.5

Action                     |  1- 3 |  4- 6 |  7- 9 | 10-12 | 13-15 || total
---------------------------+-------+-------+-------+-------+-------++-------
   Fire: Shortbow          |    44 |       |       |       |       ||    44
         Longbow           |    13 |    72 |   175 |   575 |   383 ||  1218
Ability: Spit Poison       |    25 |    15 |    37 |    62 |       ||   139
    Use: Scroll            |     3 |     5 |     5 |     7 |     4 ||    24
         Potion            |       |     1 |     2 |     6 |       ||     9
 Armour: Leather armour    |     8 |     2 |    37 |    76 |    17 ||   140
  Dodge: Dodged            |    11 |     6 |    84 |   206 |    55 ||   362

Table legend:
 A = Non-vault XP
 B = Vault XP
 C = Vault XP percentage of total XP
 D = Non-vault monster count
 E = Vault monster count
 F = Vault count percentage of total count
                 A         B        C        D         E       F
            +---------+---------+-------+---------+---------+-------
      Total |   36471 |   16686 |  31.4 |     335 |      98 |  22.6
            +---------+---------+-------+---------+---------+-------
        D:1 |      47 |       0 |   0.0 |      28 |       0 |   0.0
        D:2 |      22 |      15 |  40.5 |      14 |       2 |  12.5
        D:3 |     109 |       4 |   3.5 |      20 |       3 |  13.0
        D:4 |     402 |       0 |   0.0 |      24 |       0 |   0.0
        D:5 |     712 |       0 |   0.0 |      17 |       0 |   0.0
        D:6 |     901 |       1 |   0.1 |      16 |       1 |   5.9
        D:7 |    1232 |       0 |   0.0 |      17 |       0 |   0.0
        D:8 |    2250 |     106 |   4.5 |      39 |       3 |   7.1
        D:9 |    4892 |       0 |   0.0 |      42 |       0 |   0.0
       D:10 |    2455 |    1523 |  38.3 |      17 |      27 |  61.4
       D:11 |    2882 |    3072 |  51.6 |      17 |      11 |  39.3
     Lair:1 |    6532 |    1707 |  20.7 |      31 |       9 |  22.5
     Lair:2 |    2663 |    3073 |  53.6 |      12 |      11 |  47.8
     Lair:3 |    3782 |    1972 |  34.3 |      17 |      12 |  41.4
     Lair:4 |    6777 |    4408 |  39.4 |      23 |      15 |  39.5
     Lair:5 |     813 |     805 |  49.8 |       1 |       4 |  80.0
            +---------+---------+-------+---------+---------+-------
